 Dungeon Crawl Stone Soup version 0.19.1 (webtiles) character file.

140807 Host24 the Sharpshooter (level 17, -8/119 HPs)
             Began as a Kobold Hunter on Jan 1, 2017.
             Was the Champion of Okawaru.
             Mangled by a spark wasp (16 damage)
             ... on level 4 of the Spider Nest.
             The game lasted 02:38:58 (32767 turns).

Host24 the Sharpshooter (Kobold Hunter)            Turns: 32767, Time: 02:38:59

Health: -8/119     AC: 18    Str: 14      XL:     17   Next: 92%
Magic:  2/22       EV: 36    Int: 19      God:    Okawaru [******]
Gold:   2459       SH:  0    Dex: 20 (22) Spells: 0 memorised, 16 levels left

rFire  . . .     SeeInvis +     e - +6 arbalest of the Last Realms {flame, Int+5}
rCold  . . .     Gourm    .     a - +0 swamp dragon scales
rNeg   . . .     Faith    +     (shield currently unavailable)
rPois  +         Spirit   .     V - +2 hat {SInv}
rElec  .         Reflect  .     x - +1 cloak
rCorr  .         Harm     .     E - +0 pair of gloves
MR     +....                    z - +0 pair of boots {run}
Stlth  +++.......               C - amulet of faith
                                P - +4 ring of evasion
                                H - +4 ring of strength

@: heroism, quick
A: carnivore 3, clever 1
a: Heroism, Finesse, Renounce Religion


You were on level 4 of the Spider Nest.
You worshipped Okawaru.
Okawaru was exalted by your worship.
You were completely stuffed.

You visited 6 branches of the dungeon, and saw 25 of its levels.

You collected 2459 gold pieces.

Inventory:

Hand Weapons
 e - the +6 arbalest of the Last Realms (weapon) {flame, Int+5}
   (Okawaru gifted it to you on level 6 of the Lair of Beasts)

   It causes projectiles fired from it to burn those they strike, causing extra
   injury to most foes and up to half again as much damage against particularly
   susceptible opponents.
   It affects your intelligence (+5).
 i - the +5 arbalest "Peghad" {velocity, rElec rN+ Dex-2}
   (Okawaru gifted it to you on level 6 of the Lair of Beasts)

   Any bolt fired from it inflicts extra damage.
   It affects your dexterity (-2).
   It insulates you from electricity.
   It protects you from negative energy.
 n - a +2 short sword of venom
 r - a +2 triple crossbow of flaming
 s - a +1 arbalest of freezing
 w - a +4 dagger of electrocution
 G - the +4 dagger of Cocytus {pierce, +Fly rC+ Str-3 Int+4}
   (You found it on level 2 of the Spider Nest)

   It inflicts extra damage upon your enemies.
   It affects your strength (-3).
   It affects your intelligence (+4).
   It protects you from cold.
   It lets you fly.
 N - the +3 whip "Huylluos" {freeze, +Inv Stlth+}
   (You found it on level 2 of the Spider Nest)

   It has been specially enchanted to freeze those struck by it, causing extra
   injury to most foes and up to half again as much damage against particularly
   susceptible opponents.
   It can also slow down cold-blooded creatures.
   It lets you turn invisible.
   It makes you more stealthy.
 S - a +3 mace of holy wrath
Missiles
 d - 247 bolts (quivered)
 h - 27 sling bullets
 v - 120 stones
Armour
 a - +0 swamp dragon scales (worn)
 b - +0 steam dragon scales
 u - a +4 scale mail of magic resistance
 x - a +1 cloak (worn)
 z - a +0 pair of boots of running (worn)
 E - a +0 pair of gloves (worn)
 V - a +2 hat of see invisible (worn)
Jewellery
 C - an amulet of faith (around neck)
 H - a +4 ring of strength (left hand)
 P - a +4 ring of evasion (right hand)
Wands
 D - a wand of lightning (11/15)
 K - a wand of flame (27/48)
 Q - a wand of paralysis (12/24)
 T - a wand of flame (26/48)
Scrolls
 g - 4 scrolls of magic mapping
 p - a scroll of fog
 t - 4 scrolls of enchant weapon
 F - a scroll of remove curse
 I - 2 scrolls of teleportation
 J - a scroll of blinking
 M - 2 scrolls of identify
 O - 4 scrolls of amnesia
 X - 5 scrolls of fear
Potions
 c - a potion of resistance
 j - 2 potions of brilliance
 l - a potion of magic
 m - 2 potions of curing
 o - 4 potions of invisibility
 q - a potion of might
 A - 3 potions of agility
 B - 3 potions of cancellation
Books
 y - a book of Power

   Spells                             Type                      Level
   a - Fulminant Prism                Conjuration/Hexes            4
   b - Iskenderun's Mystic Blast      Conjuration                  4
   c - Venom Bolt                     Conjuration/Poison           5
   d - Bolt of Magma                  Conjuration/Fire/Earth       5
   e - Iron Shot                      Conjuration/Earth            6
   f - Orb of Destruction             Conjuration                  7
   g - Spellforged Servitor           Conjuration/Summoning        7
 W - a book of Necromancy

   Spells                             Type                      Level
   a - Pain                           Necromancy                   1
   b - Animate Skeleton               Necromancy                   1
   c - Vampiric Draining              Necromancy                   3
   d - Regeneration                   Charms/Necromancy            3
   e - Animate Dead                   Necromancy                   4
   f - Control Undead                 Necromancy                   4
Miscellaneous
 L - a lamp of fire
 Y - a sack of spiders
Comestibles
 f - 12 meat rations
 k - 2 beef jerkies
 R - a chunk of flesh
 Z - a slice of pizza


   Skills:
 - Level 18.0(23.0) Fighting
 + Level 19.8(24.8) Crossbows
 - Level 6.0(11.0) Armour
 - Level 18.0(23.0) Dodging
 - Level 2.2(7.2) Stealth
 - Level 7.2 Invocations


You had 16 spell levels left.
You didn't know any spells.

Dungeon Overview and Level Annotations

Branches:
Dungeon (11/15)            Temple (1/1) D:6            Lair (6/6) D:11
  Swamp (1/4) Lair:3       Spider (4/4) Lair:4        Slime (0/5) Lair:6
    Orc (2/2) D:10            Elf (0/3) Orc:2

Altars:
Ashenzari
Cheibriados
Dithmenos
Elyvilon
Fedhas
Gozag
Hepliaklqana
Kikubaaqudgha
Makhleb
Nemelex Xobeh
Okawaru
Qazlal
Ru
Sif Muna
Trog
Uskayaw
Vehumet
Xom
Yredelemnul
Zin
The Shining One
Beogh

Shops:
D:6 %   D:7 }   Orc:2 %[%(

Annotations:
D:7 Host24's ghost, novice KoHu
Swamp:1 Host24's ghost, adept KoHu
Orc:2 Host24's ghost, adept KoHu


Innate Abilities, Weirdness & Mutations

You are small and have problems with some larger weapons.
You are carnivorous and can eat meat at any time.
Your mind is acute. (Int +2)


Message History

Firing (i - inventory. (,) - cycle):
d - 250 bolts (quivered)
Press: ? - help, Shift-Dir - straight line, f/p - spark wasp
Aim: a spark wasp (moderately wounded)
You shoot a bolt. The bolt hits the spark wasp!
The bolt burns the spark wasp.
The spark wasp is heavily wounded.
The spark wasp completely misses you.
Firing (i - inventory. (,) - cycle):
d - 249 bolts (quivered)
Press: ? - help, Shift-Dir - straight line, f/p - spark wasp
Aim: a spark wasp (heavily wounded)
You shoot a bolt. The bolt hits the spark wasp!!
The bolt burns the spark wasp.
The spark wasp is severely wounded.
The spark wasp misses you. The spark wasp closely misses you.
Firing (i - inventory. (,) - cycle):
d - 248 bolts (quivered)
Press: ? - help, Shift-Dir - straight line, f/p - spark wasp
Aim: a spark wasp (severely wounded)
You shoot a bolt. The bolt closely misses the spark wasp.
The spark wasp stings you!!
* * * LOW HITPOINT WARNING * * *
The spark wasp shocks you!
You die...

.≈####.≈#≈...≈≈≈#
..###...###...≈##
≈.≈###..# ##≈...##
#≈.≈.#### #≈...≈#
##...≈# ##≈..≈##
##≈≈.≈## ###≈.≈#
#≈##≈^≈##+# ##.≈#
..##..≈##^. #..≈#
..≈...≈##((. #≈@(###
.....≈##
..y#####y(≈#
#..†..## #(..##).(#
##≈...≈# #'y.≈...(#
##≈≈.≈##...##.....##
###.≈##.. ####≈.#
##≈..##. ##.##
###≈..### ##≈.#
#.≈.≈≈##### ###†^≈#


You could see a spark wasp.

Vanquished Creatures
  Gastronok (D:8)
  5 ghost moths
  An orc warlord (Orc:1)
  6 emperor scorpions
  3 entropy weavers
  A stone giant (Orc:2)
  2 spark wasps
  Nessos (Orc:2)
  A dire elephant (Lair:6)
  An ettin (Orc:2)
  Harold (D:10)
  Josephine (Lair:6)
  Erolcha (D:11)
  7 hydras
  2 catoblepae
  A merfolk avatar (Lair:6)
  4 ogre magi (Orc:2)
  An alligator (Swamp:1)
  3 death yaks
  A swamp dragon (Swamp:1)
  2 harpies (Lair:6)
  24 orb spiders
  A hill giant (D:11)
  2 orc knights
  2 orc sorcerers
  30 wolf spiders
  3 manticores (Lair:6)
  7 elephants
  A centaur zombie (D:10)
  A cyclops (Orc:1)
  A torpor snail (Lair:6)
  2 black mambas
  Joseph (D:8)
  8 rime drakes
  14 spiny frogs
  15 komodo dragons
  13 demonic crawlers
  17 two-headed ogres
  2 polar bears (Lair:6)
  4 trolls
  34 jumping spiders
  10 hornets
  Grinder (D:3)
  4 slime creatures (Lair:6)
  2 dream sheep (Lair:6)
  8 hippogriffs
  2 tyrant leeches (Swamp:1)
  3 bog bodies (Swamp:1)
  19 blink frogs
  2 spriggans
  Sigmund (D:4)
  30 yaks
  8 wyverns
  4 wraiths
  A shadow (D:11)
  68 redbacks
  Grum (D:10)
  34 tarantellas
  2 hungry ghosts
  2 steam dragons (D:10)
  3 basilisks
  3 vampire mosquitoes (Swamp:1)
  2 wargs (Orc:2)
  5 swamp worms (Swamp:1)
  Duvessa (D:6)
  A soldier ant (D:9)
  2 swamp drakes (Swamp:1)
  10 water moccasins
  Purgy (D:3)
  9 porcupines
  4 sky beasts
  15 orc warriors
  3 ice beasts
  3 black bears
  30 ogres
  2 phantoms
  A necrophage (D:9)
  11 wolves
  6 centaurs
  17 crocodiles
  2 big kobolds
  17 bullfrogs
  A gnoll sergeant (D:10)
  Blork the orc (D:6)
  Dowan (D:6)
  7 scorpions
  7 wights
  10 howler monkeys
  4 electric eels
  A bullfrog zombie (D:8)
  5 crimson imps
  Crazy Yiuf (D:3)
  8 hounds
  2 jellies
  A bullfrog skeleton (D:11)
  10 orc priests
  16 orc wizards
  Jessica (D:3)
  5 iguanas
  13 worker ants
  A hound skeleton (D:11)
  A worker ant zombie (D:9)
  A howler monkey zombie (D:7)
  5 gnolls (D:10)
  A howler monkey skeleton (D:9)
  12 adders
  5 shadow imps
  An ooze (D:7)
  An adder skeleton (D:7)
  4 worms
  2 dart slugs (D:1)
  5 leopard geckos
  50 orcs
  10 bats
  4 giant cockroaches
  8 goblins
  10 hobgoblins
  31 jackals
  15 kobolds
  5 quokkas
  A ball python (D:2)
  5 frilled lizards
  2 jackal skeletons (D:7)
  7 rats
  A bush (D:5)
  2 fungi
  4 plants
866 creatures vanquished.

Vanquished Creatures (others)
  A tarantella (Spider:2)
  A gnoll (D:10)
  An orc (D:7)
  10 fungi
  12 plants
25 creatures vanquished.

Grand Total: 891 creatures vanquished

Notes
Turn   | Place    | Note
-------+----------+-------------------------------------------
     0 | D:1      | Host24 the Kobold Hunter began the quest for the Orb.
     0 | D:1      | Reached XP level 1. HP: 12/12 MP: 1/1
   331 | D:1      | Reached XP level 2. HP: 18/18 MP: 2/2
   636 | D:1      | Reached XP level 3. HP: 22/23 MP: 3/3
  1432 | D:2      | Reached XP level 4. HP: 16/29 MP: 4/4
  1693 | D:3      | Reached skill level 5 in Crossbows
  1751 | D:3      | Noticed Jessica
  1759 | D:3      | Killed Jessica
  1759 | D:3      | Reached XP level 5. HP: 16/33 MP: 5/5
  1760 | D:3      | Found a runed door.
  1915 | D:3      | Noticed Crazy Yiuf
  1923 | D:3      | Killed Crazy Yiuf
  2012 | D:3      | Noticed Purgy
  2162 | D:3      | Reached skill level 5 in Dodging
  2241 | D:3      | Killed Purgy
  2241 | D:3      | Reached XP level 6. HP: 22/38 MP: 6/6
  2374 | D:3      | Noticed Grinder
  2482 | D:3      | Found a shadowy altar of Dithmenos.
  2596 | D:3      | Paralysed by Grinder for 2 turns
  2603 | D:3      | Killed Grinder
  2603 | D:3      | Reached XP level 7. HP: 26/43 MP: 7/7
  2803 | D:4      | Noticed Sigmund
  2977 | D:4      | Reached skill level 5 in Fighting
  2990 | D:4      | Reached XP level 8. HP: 42/49 MP: 8/8
  3096 | D:4      | Killed Sigmund
  3177 | D:4      | Got a scintillating wooden ring
  3780 | D:5      | Entered Level 5 of the Dungeon
  3834 | D:5      | Reached skill level 6 in Crossbows
  4008 | D:5      | Got an iridescent trident
  4011 | D:5      | Identified the ring of Somemycw {Ice -Tele +Fly rElec SInv} (You found it on level 4 of the Dungeon)
  4012 | D:5      | Identified the cursed +3 trident of Hocwyum {pierce, rElec rF+ rN+ Int+3} (You found it on level 5 of the Dungeon)
  4868 | D:6      | Reached skill level 7 in Crossbows
  4927 | D:6      | Reached XP level 9. HP: 54/57 MP: 9/9
  4933 | D:6      | Noticed Duvessa
  4938 | D:6      | Noticed Dowan
  4944 | D:6      | Killed Duvessa
  4944 | D:6      | Reached skill level 8 in Crossbows
  5085 | D:6      | Reached skill level 9 in Crossbows
  5193 | D:6      | Noticed Blork the orc
  5202 | D:6      | Killed Blork the orc
  5248 | D:6      | Found Pouph's Food Shoppe.
  5327 | D:6      | Reached skill level 10 in Crossbows
  5452 | D:6      | Killed Dowan
  5716 | D:6      | Found a staircase to the Ecumenical Temple.
  5721 | Temple   | Entered the Ecumenical Temple
  5803 | Temple   | Became a worshipper of Warmaster Okawaru
  6031 | D:7      | Reached skill level 11 in Crossbows
  6056 | D:7      | Found Zolodaoj's Gadget Emporium.
  6387 | D:7      | Noticed Host24's ghost (novice KoHu)
  6838 | D:6      | Reached XP level 10. HP: 33/64 MP: 10/10
  7033 | D:7      | Reached * piety under Okawaru
  7341 | D:8      | Noticed Joseph
  7385 | D:8      | Killed Joseph
  7385 | D:8      | Reached skill level 10 in Fighting
  7400 | D:8      | Reached ** piety under Okawaru
  7787 | D:8      | Noticed Gastronok
  7945 | D:8      | Killed Gastronok
  7945 | D:8      | Reached XP level 11. HP: 59/76 MP: 11/11
  8182 | D:9      | Reached *** piety under Okawaru
  8457 | D:9      | Reached skill level 10 in Dodging
  8587 | D:9      | Got an ichor-stained leather armour
  8593 | D:9      | Identified the cursed +1 leather armour of Eternity {rElec Str+5} (You found it on level 9 of the Dungeon)
  8699 | D:9      | Reached **** piety under Okawaru
  8895 | D:9      | Received a gift from Okawaru
  8992 | D:10     | Entered Level 10 of the Dungeon
  9081 | D:9      | Gained mutation: Your mind is acute. (Int +2) [potion of beneficial mutation]
  9198 | D:10     | Noticed Harold
  9222 | D:10     | Noticed Grum
  9455 | D:10     | Found a staircase to the Orcish Mines.
  9556 | D:10     | Found a roughly hewn altar of Beogh.
  9659 | D:10     | Killed Harold
  9775 | D:10     | Reached skill level 1 in Invocations
  9784 | D:10     | Killed Grum
  9784 | D:10     | Reached ***** piety under Okawaru
 10068 | D:10     | Reached XP level 12. HP: 84/84 MP: 14/14
 10901 | D:11     | Noticed Erolcha
 10913 | D:11     | Killed Erolcha
 10913 | D:11     | Received a gift from Okawaru
 10913 | D:11     | Reached skill level 5 in Invocations
 10954 | D:11     | Got a crude cloak
 11466 | D:11     | Found a staircase to the Lair.
 11559 | Lair:1   | Entered Level 1 of the Lair of Beasts
 11585 | Lair:1   | Identified the +2 cloak of Birdsong {rC- rN+ MR- Str+8} (You found it on level 11 of the Dungeon)
 12080 | Lair:1   | Noticed a catoblepas
 12157 | Lair:1   | Reached skill level 12 in Crossbows
 12228 | Lair:1   | Killed a catoblepas
 12228 | Lair:1   | Received a gift from Okawaru
 12539 | Lair:2   | Received a gift from Okawaru
 12719 | Lair:2   | Reached skill level 13 in Crossbows
 13217 | Lair:2   | Received a gift from Okawaru
 13756 | Lair:2   | Reached skill level 14 in Crossbows
 13756 | Lair:2   | Reached XP level 13. HP: 65/88 MP: 18/18
 14158 | Lair:3   | Found a staircase to the Swamp.
 15530 | Lair:4   | Found a hole to the Spider Nest.
 15588 | Lair:4   | Noticed a four-headed hydra
 15622 | Lair:4   | Killed a four-headed hydra
 16746 | Lair:5   | Received a gift from Okawaru
 17147 | Lair:5   | Noticed a five-headed hydra
 17159 | Lair:5   | Killed a five-headed hydra
 17442 | Lair:5   | Reached skill level 15 in Crossbows
 18122 | Lair:5   | Reached XP level 14. HP: 96/96 MP: 19/19
 18297 | Lair:6   | Entered Level 6 of the Lair of Beasts
 18996 | Lair:6   | Received a gift from Okawaru
 19194 | Lair:6   | Reached skill level 16 in Crossbows
 19234 | Lair:6   | Received a gift from Okawaru
 19375 | Lair:6   | Found a staircase to the Slime Pits.
 19603 | Lair:6   | Received a gift from Okawaru
 19702 | Lair:6   | Noticed Josephine
 19754 | Lair:6   | Killed Josephine
 19761 | Lair:6   | Reached ****** piety under Okawaru
 19761 | Lair:6   | Reached skill level 17 in Crossbows
 19787 | Lair:6   | Received a gift from Okawaru
 20477 | Lair:6   | Received a gift from Okawaru
 20648 | Lair:6   | Received a gift from Okawaru
 20825 | Lair:6   | Received a gift from Okawaru
 20825 | Lair:6   | Reached skill level 18 in Crossbows
 20826 | Lair:6   | Got a shimmering arbalest {god gift}
 20827 | Lair:6   | Identified the +6 arbalest of the Last Realms {flame, Int+5} (Okawaru gifted it to you on level 6 of the Lair of Beasts)
 21221 | Lair:6   | Received a gift from Okawaru
 21235 | Lair:6   | Noticed a dire elephant
 21247 | Lair:6   | Reached skill level 15 in Fighting
 21250 | Lair:6   | Killed a dire elephant
 21250 | Lair:6   | Received a gift from Okawaru
 21250 | Lair:6   | Reached XP level 15. HP: 46/103 MP: 20/20
 21251 | Lair:6   | Got a twisted arbalest {god gift}
 21252 | Lair:6   | Identified the +5 arbalest "Peghad" {velocity, rElec rN+ Dex-2} (Okawaru gifted it to you on level 6 of the Lair of Beasts)
 22109 | Orc:1    | Entered Level 1 of the Orcish Mines
 22225 | Orc:1    | Noticed an orc warlord
 22317 | Orc:1    | Killed an orc warlord
 22671 | Orc:1    | Found a bloodstained altar of Trog.
 22828 | Orc:2    | Entered Level 2 of the Orcish Mines
 23331 | Orc:2    | Noticed a stone giant
 23333 | Orc:2    | Reached skill level 1 in Armour
 23423 | Orc:2    | Killed a stone giant
 23423 | Orc:2    | Received a gift from Okawaru
 23469 | Orc:2    | Noticed Nessos
 23477 | Orc:2    | Received a gift from Okawaru
 23481 | Orc:2    | Killed Nessos
 23481 | Orc:2    | Received a gift from Okawaru
 23486 | Orc:2    | Noticed Host24's ghost (adept KoHu)
 24161 | Orc:2    | Received a gift from Okawaru
 24169 | Orc:2    | Received a gift from Okawaru
 24832 | Orc:2    | Reached skill level 15 in Dodging
 24967 | Orc:2    | Received a gift from Okawaru
 25033 | Orc:2    | Received a gift from Okawaru
 25058 | Orc:2    | Found Toon's Weapon Boutique.
 25058 | Orc:2    | Found Polulu's Food Shoppe.
 25059 | Orc:2    | Found Qaopamab's Antique Armour Shoppe.
 25059 | Orc:2    | Found Toumuk's Food Shop.
 25339 | Orc:2    | Found a staircase to the Elven Halls.
 25367 | Orc:2    | Received a gift from Okawaru
 26153 | Lair:1   | Identified a +0 pair of boots of running (Okawaru gifted it to you on level 2 of the Orcish Mines)
 26353 | Swamp:1  | Entered Level 1 of the Swamp
 27032 | Swamp:1  | Noticed Host24's ghost (adept KoHu)
 27214 | Swamp:1  | HP: 1/104 [Host24's ghost (10)]
 27643 | Spider:1 | Entered Level 1 of the Spider Nest
 27700 | Spider:1 | Reached XP level 16. HP: 68/110 MP: 21/21
 28014 | Spider:1 | Received a gift from Okawaru
 28073 | Spider:1 | Reached skill level 5 in Armour
 28130 | Spider:1 | Received a gift from Okawaru
 28853 | Spider:1 | Received a gift from Okawaru
 29494 | Spider:2 | Got a crystal dagger
 29513 | Spider:2 | Identified the +4 dagger of Cocytus {pierce, +Fly rC+ Str-3 Int+4} (You found it on level 2 of the Spider Nest)
 30014 | Spider:2 | Got an iridescent whip
 30278 | Spider:2 | Received a gift from Okawaru
 30738 | Spider:3 | Reached XP level 17. HP: 102/119 MP: 22/22
 31368 | Spider:4 | Entered Level 4 of the Spider Nest
 31567 | Spider:4 | Received a gift from Okawaru
 31596 | Spider:4 | Identified the +3 whip "Huylluos" {freeze, +Inv Stlth+} (You found it on level 2 of the Spider Nest)
 32099 | Spider:4 | Received a gift from Okawaru
 32180 | Spider:4 | Received a gift from Okawaru
 32201 | Spider:4 | Reached skill level 19 in Crossbows
 32274 | Spider:4 | Received a gift from Okawaru
 32742 | Spider:4 | Received a gift from Okawaru
 32767 | Spider:4 | Mangled by a spark wasp

Skill      XL: |  1  2  3  4  5  6  7  8  9 10 11 12 13 14 15 16 17 |
---------------+----------------------------------------------------+-----
Fighting       | 3 4 5 7 8 12 13 14 15 16 18 | 18.0
Dodging        | 3 6 7 8 12 14 16 18 | 18.0
Crossbows      | 5 7 11 14 15 18 19 | 19.8
Invocations    | 3 7 |  7.2
Armour         | 4 6 |  6.0
Stealth        | 2 |  2.2

Action                   |  1- 3 |  4- 6 |  7- 9 | 10-12 | 13-15 | 16-18 || total
-------------------------+-------+-------+-------+-------+-------+-------++-------
Melee: Short sword       |   159 |     2 |       |       |    10 |       ||   171
       Dagger            |       |    41 |   339 |   692 |   849 |       ||  1921
       Quarterstaff      |       |     2 |    22 |       |       |       ||    24
       Mace              |       |       |       |     5 |     2 |       ||     7
       Punch             |       |       |       |       |     2 |       ||     2
       Scimitar          |       |       |       |       |     7 |       ||     7
 Fire: Hand crossbow     |       |    41 |    94 |   268 |   405 |       ||   808
       Arbalest          |       |       |       |       |   364 |   767 ||  1131
Throw: Stone             |       |       |     1 |       |       |       ||     1
Invok: Heroism           |       |       |       |     3 |    13 |     6 ||    22
       Finesse           |       |       |       |       |     6 |     1 ||     7
  Use: Scroll            |       |     1 |     2 |    26 |     6 |     4 ||    39
       Potion            |       |       |       |     6 |     6 |     2 ||    14
 Stab: Sleeping          |     1 |     1 |     6 |     6 |     3 |       ||    17
       Distracted        |       |       |     1 |       |     1 |       ||     2
  Eat: Chunk             |    10 |     4 |    13 |    34 |    45 |    15 ||   121
Armor: Leather armour    |    51 |    18 |    21 |       |       |       ||    90
       Mottled dragon sc |       |       |    59 |   113 |       |       ||   172
       Steam dragon scal |       |       |       |    35 |   134 |       ||   169
       Swamp dragon scal |       |       |       |       |    12 |   125 ||   137
Dodge: Dodged            |   156 |    72 |   307 |   959 |  1876 |   983 ||  4353
       Rpst.: Scimitar   |       |       |       |       |     2 |       ||     2
